 Dungeon Crawl Stone Soup version 0.29.0 (webtiles) character file.

Game seed: 1580075050016616925

179 jagoly the Insei (level 5, -5/34 HPs)
             Began as an Octopode Transmuter on Sept 11, 2022.
             Slain by an orc
             ... wielding a +0 trident
              (7 damage)
             ... on level 3 of the Dungeon.
             The game lasted 00:09:56 (2818 turns).

jagoly the Insei (Octopode Transmuter)              Turns: 2818, Time: 00:09:56

Health: -5/34      AC:  2    Str: 15    XL:     5   Next: 59%
Magic:  3/8        EV: 20    Int: 17    God:
Gold:   45         SH:  0    Dex: 18    Spells: 3/9 levels left

rFire   . . .      SeeInvis .     - Unarmed
rCold   . . .      Faith    .   (shield currently unavailable)
rNeg    + . .      Spirit   .   (helmet currently unavailable)
rPois   x          Reflect  .   (no amulet)
rElec   .          Harm     .   j - +6 ring of strength
rCorr   .          Rampage  .   l - ring of positive energy
Will    .....                   (no ring)
Stlth   ++........              (no ring)
HPRegen 0.11/turn               (no ring)
MPRegen 0.11/turn               (no ring)
                                (no ring)
                                (no ring)

@: spider-form (expiring)
A: venomous fangs, almost no armour, (amphibious), 8 rings, tiny, (camouflage
1), (gelatinous body 1), (nimble swimmer 1), (tentacles)
a: End Transformation


You were on level 3 of the Dungeon.
You were a venomous arachnid creature.
You visited 1 branch of the dungeon, and saw 3 of its levels.

You collected 45 gold pieces.

Inventory:

Hand Weapons
 b - a +0 sling
Missiles
 c - 9 stones
 g - 4 poisoned darts
 h - a throwing net
 n - 3 atropa-tipped darts
Jewellery
 j - a +6 ring of strength (left front leg)
 l - a ring of positive energy (right front leg)
Scrolls
 d - a scroll of fear {unknown}
 e - a scroll of butterflies {unknown}
 f - 3 scrolls of vulnerability {unknown}
 i - a scroll of immolation {unknown}
 k - a scroll of teleportation {unknown}
Potions
 a - 3 potions of lignification
 m - a potion of attraction {unknown}


   Skills:
 * Level 2.2 Fighting
 + Level 2.5 Dodging
 + Level 2.4 Stealth
 + Level 3.4 Unarmed Combat
 + Level 2.5 Spellcasting
 + Level 2.6 Transmutations
 * Level 1.5 Ice Magic
 - Level 2.0 Poison Magic


You had 3 spell levels left.
You knew the following spells:

 Your Spells              Type           Power      Damage    Failure   Level
A - Beastly Appendage     Tmut           20%        N/A       17%         1
P - Spider Form           Tmut/Pois      9%         N/A       43%         3
W - Wereblood             Tmut           10%        N/A       24%         2

Your spell library contained the following spells:

 Spells                   Type           Power      Damage    Failure   Level
 Apportation              Tloc           4%         N/A       38%         1
 Ice Form                 Ice/Tmut       9%         N/A       80%         4
 Alistair's Intoxication  Tmut/Pois      6%         N/A       97%         5


Dungeon Overview and Level Annotations

Branches:
Dungeon (3/15) Zot: 15184

Altars:


Innate Abilities, Weirdness & Mutations

You are a venomous arachnid creature.
You have poisonous fangs.
You are tiny and dextrous.
Your spellcasting is less reliable in this form.
Your armour is entirely melded.
You are incapable of wielding weapons or throwing items.
You cannot wear most types of armour.
((You are amphibious.))
You can wear up to eight rings at the same time.
((Your skin changes colour to match your surroundings (Stealth+).))
((Your rubbery body absorbs attacks. (AC +1, EV +1)))
((You are camouflaged when in or above water. (Stealth+)))
((You have tentacles for arms and can constrict up to eight enemies at once.))


Message History

The orc wizard hits you with a +0 dagger.
* * * LOW HITPOINT WARNING * * *
You barely miss the orc wizard.
The orc wizard is moderately wounded.
You hiss as the wereblood boils in your veins!
The orc wizard gestures wildly while chanting.
The orc wizard flickers and vanishes!
Deactivating autopickup; reactivate with Ctrl-A.
You closely miss something.
Your primal bloodlust has ended.
Unknown command.
You hit something. Something hits you.
* * * LOW HITPOINT WARNING * * *
Unknown command.
You closely miss something.
Reactivating autopickup.
You feel a bit more experienced.
You hit the hobgoblin but do no damage.
The hobgoblin is poisoned.
The hobgoblin barely misses you.
Okay, then.
You hit the hobgoblin.
The hobgoblin is lightly wounded.
The orc closely misses you. The hobgoblin misses you.
You hit the hobgoblin.
The hobgoblin is moderately wounded.
The hobgoblin misses you. The orc misses you.
You bite the hobgoblin!
You kill the hobgoblin!
Your transformation is almost over.
The orc barely misses you. The orc completely misses you.
Items here: $ ( ))) ?? [[[ †††.
You barely miss the orc. The orc hits you with a +0 trident.
* * * LOW HITPOINT WARNING * * *
You hit the orc but do no damage.
The orc is poisoned.
The orc completely misses you.
You hit the orc.
The orc looks as sick as possible!
The orc is heavily wounded.
The orc hits you with a +0 trident!
You die...

.............# #.##.#
########..##.# #.##.#
########.....####.##.#
..........#..........#
########..#..####.##.###.#
#..#...>..........# .
#.##..####.##.###.# ..
###.##..####.##.###.###
..#####......oos.............
...##.#.##..####.####.#.##.
#.##.#.##..# #......# .
#....#.##..# #.####.#
..###.##.#.##..####.####.#
...oo....................#.
...........................
..###..#.#.##...###.####...
...........................


You could see 2 orcs.

Vanquished Creatures
  An orc priest (D:3)
  2 orc wizards (D:3)
  4 gnolls
  An adder (D:1)
  2 dart slugs
  4 orcs (D:3)
  2 endoplasms (D:1)
  4 giant cockroaches
  5 hobgoblins
  4 jackals (D:1)
  A quokka (D:1)
  2 ball pythons
  A bat (D:2)
  A frilled lizard (D:1)
  4 goblins
  3 kobolds
  8 rats (D:1)
49 creatures vanquished.

Notes
Turn   | Place    | Note
-------+----------+-------------------------------------------
     0 | D:1      | jagoly the Octopode Transmuter began the quest for the Orb.
     0 | D:1      | Reached XP level 1. HP: 13/13 MP: 3/3
   216 | D:1      | Reached XP level 2. HP: 18/18 MP: 3/5
   249 | D:1      | Reached skill level 1 in Poison Magic
   590 | D:1      | Learned a level 2 spell: Wereblood
   753 | D:1      | Reached skill level 1 in Stealth
   798 | D:1      | Reached XP level 3. HP: 23/23 MP: 4/6
  1032 | D:2      | Learned a level 3 spell: Spider Form
  1469 | D:1      | Reached XP level 4. HP: 11/28 MP: 2/7
  2032 | D:2      | Found a faded altar of an unknown god.
  2221 | D:3      | Reached skill level 1 in Ice Magic
  2221 | D:3      | Reached XP level 5. HP: 15/34 MP: 1/8
  2818 | D:3      | Slain by an orc

Illustrated notes

Levels and vault maps discovered:
D:1:      co_arrival_square_in_a_square_in_a_square, layout_loops_corners,
          minmay_rat_gold_closets
D:2:      layout_rooms, chequers_ecumenical_altar_lobes, minmay_misc_feat_chi,
          minivault_25
D:3:      layout_basic

Skill      XL: |  1  2  3  4  5 |
---------------+----------------+-----
Poison Magic   | 1 2 |  2.0
Stealth        | 1 2 |  2.4
Ice Magic      | 1 |  1.5
Fighting       | 2 |  2.2
Dodging        | |  2.5
Unarmed Combat | |  3.4
Spellcasting   | |  2.5
Transmutations | |  2.6

Action                   |  1- 3 |  4- 6 || total
-------------------------+-------+-------++-------
Melee: Unarmed           |    63 |    64 ||   127
       Tentacles         |    17 |     5 ||    22
       Kick              |    15 |     6 ||    21
       Constrict         |    14 |     5 ||    19
       Punch             |     1 |     1 ||     2
 Fire: Sling             |    14 |       ||    14
 Cast: Beastly Appendage |    14 |     7 ||    21
       Wereblood         |     6 |     5 ||    11
       Spider Form       |     2 |     5 ||     7
 Stab: Sleeping          |     6 |       ||     6
Armor: Skin              |     2 |     2 ||     4
Dodge: Dodged            |    49 |    36 ||    85
